 Dungeon Crawl Stone Soup version 0.29.1-2-gbd0b4ee654 (webtiles) character file.

Game seed: 12842368102776154624

2 THTSBRD the Caller (level 1, -1/16 HPs)
             Began as a Demonspawn Wanderer on Nov 9, 2022.
             Killed from afar by a dart slug (5 damage)
             ... with a slug dart
             ... on level 2 of the Dungeon.
             The game lasted 00:02:10 (242 turns).

THTSBRD the Caller (Demonspawn Wanderer)             Turns: 242, Time: 00:02:10

Health: -1/16      AC:  6    Str: 16    XL:     1   Next: 33%
Magic:  2/2        EV:  7    Int: 11    God:
Gold:   20         SH:  6    Dex: 10    Spells: 2/2 levels left

rFire   . . .      SeeInvis .   a - +0 club
rCold   . . .      Faith    .   b - +0 kite shield
rNeg    . . .      Spirit   .   c - +0 scale mail
rPois   .          Reflect  .   (no helmet)
rElec   .          Harm     .   (no cloak)
rCorr   .          Rampage  .   (no gloves)
Will    .....                   (no boots)
Stlth   ..........              (no amulet)
HPRegen 0.05/turn               (no ring)
MPRegen 0.08/turn               (no ring)

@: brilliant
A: no striking features
a: no special abilities


You were on level 2 of the Dungeon.
You visited 1 branch of the dungeon, and saw 2 of its levels.

You collected 20 gold pieces.

Inventory:

Hand Weapons
 a - a +0 club (weapon)
 e - a +0 dagger
Armour
 b - a +0 kite shield (worn)
 c - a +0 scale mail (worn)
 d - a +0 robe


   Skills:
 + Level 2.0 Fighting
 + Level 1.8 Armour
 + Level 1.0 Stealth
 + Level 1.0 Spellcasting
 + Level 3.1 Summonings
 + Level 1.0 Poison Magic


You had 2 spell levels left.
You didn't know any spells.
Your spell library contained the following spells:

 Spells                   Type           Power      Damage    Failure   Level
 Summon Small Mammal      Summ           44%        N/A       77%         1
 Sting                    Tmut/Pois      8%         1d3       98%         1
 Ignite Poison            Fire/Tmut/Pois 1%         N/A       100%        3
 Summon Guardian Golem    Hex/Summ       5%         N/A       100%        3
 Animate Armour           Summ/Erth      10%        N/A       100%        4


Dungeon Overview and Level Annotations

Branches:
Dungeon (2/15)

Altars:


Message History

Found an emerald potion.
You now have 20 gold pieces (gained 10).
f - an emerald potion It was a potion of brilliance.
You feel clever all of a sudden.
You open the door.
Found a coppery potion.
There is an open door here.
A ball python comes into view.
The ball python hisses angrily.
The ball python attacks as you move away!
The ball python barely misses you.
A dart slug comes into view.
You see here a coppery potion.
Found a scroll labelled JUKLIH JEQURPH.
You barely miss the ball python.
The ball python bites you but does no damage.
The ball python barely misses you. You block the ball python's attack.
The ball python grabs you. The ball python constricts you.
You block the dart slug's attack.
You hit the ball python.
You kill the ball python!
The dart slug launches a dart at you. The slug dart hits you.
* * * LOW HITPOINT WARNING * * *
You see here a ball python corpse.
You see here a coppery potion.
The dart slug bites you but does no damage.
You hit the dart slug.
The dart slug is heavily wounded.
The dart slug bites you.
* * * LOW HITPOINT WARNING * * *
You hit the dart slug but do no damage.
The dart slug is heavily wounded.
The dart slug bites you but does no damage.
You hit the dart slug.
The dart slug is severely wounded.
The dart slug launches a dart at you. The slug dart hits you.
You die...

#.##........#...#.##.#
#.######.####...#.##.###
.. #.#
#.####.....##...... #.#
#......######..##.. #.#
######'######..... #.#
#...........# #.#
#######.........#.####
#.#
.....................#
#.# .........@w..!†.#
#..
.......#######.......?.
....... ###.#.#.##
....... .# # ....... .#
...#.## .# ####. .# ..
.#


You could see a dart slug.

Vanquished Creatures
  2 ball pythons
  A frilled lizard (D:1)
  A kobold (D:1)
4 creatures vanquished.

Notes
Turn   | Place    | Note
-------+----------+-------------------------------------------
     0 | D:1      | THTSBRD the Demonspawn Wanderer began the quest for the
                  | Orb.
     0 | D:1      | THTSBRD set off with the following items: a +0 club, a
                  | scroll of fear, a +0 scale mail; and the following spells
                  | available to memorise: Summon Small Mammal, Sting, Summon
                  | Guardian Golem, Ignite Poison, Animate Armour.
     0 | D:1      | Reached XP level 1. HP: 16/16 MP: 2/2
   242 | D:2      | Killed from afar by a dart slug

Illustrated notes

Levels and vault maps discovered:
D:1:      sevenhm_arrival_forest_fort_small_3, layout_basic,
          minmay_misc_feat_chi
D:2:      layout_basic, shapermc_ecumenical_altar_petra, serial_park_tiny_1,
          minmay_misc_feat_secret_circle, uniq_terence

Action                   || total
-------------------------++-------
Melee: Club              ||    18
  Use: Scroll            ||     1
       Potion            ||     1
Armor: Scale mail        ||    37
Dodge: Dodged            ||    32
Block: Kite shield       ||     3
